cohdb
Replays
Latest Replays
All Replays
Popular Replays
Top Player Replays
Match Explorer
How It Works
Community
CoH3 Stats
Reddit
Sign in to upload your games and track your stats! →
Sign in with Steam
Match 32769156
Unlisted
Match 32769156
Overview
Messages
Build Orders
End
Royal Engineer Section
Construct Section Command Post
Dingo Light Scout Car
Infantry Section
Infantry Section
Infantry Section
Royal Engineer Section
Construct Platoon Command Post
Unlock Bishop Self-propelled Artillery
Selects Air and Sea Battlegroup
Bishop Self-propelled Artillery
Infantry Training
Selects Supply Surplus
6-pounder Anti-tank Gun Team
Grenade Package
6-pounder Anti-tank Gun Team
Selects Centaur Medium Tank
Centaur Medium Tank
Royal Engineer Section
Construct Field Infirmary
Selects Commando Section Paradrop
Commando Section Paradrop
Commando Section Paradrop
MaXiS
el campo
0
0
Comments
sign in to comment!
No comments posted yet!